TOP OF THE 1ST |
Plumstead Eagles batting - Pitching for Cincinnati Pride : RHP Denver Gallegos
|
Pitching: RHP Denver Gallegos
|
|
Batting: RHB Carlos Palomón
|
0-0: Foul Ball, location: 2F 0-1: Called Strike 0-2: Ball 1-2: Foul Ball, location: 2F 1-2: Ball 2-2: Ball 3-2: Strikes out swinging
|
Batting: RHB Kolomon Meise
|
0-0: Called Strike 0-1: Ball 1-1: Ball 2-1: Swinging Strike 2-2: Foul Ball, location: 2F 2-2: Foul Ball, location: 2F 2-2: Strikes out swinging
|
Batting: LHB António Salazar
|
0-0: Called Strike 0-1: Swinging Strike 0-2: Foul Ball, location: 2F 0-2: Fly out, F7 (Flyball, 78M)
|
Top of the 1st over - 0 run(s), 0 hit(s), 0 error(s), 0 left on base; Plumstead 0 - Cincinnati 0 |
BOTTOM OF THE 1ST |
Cincinnati Pride batting - Pitching for Plumstead Eagles : RHP Juan Martínez
|
Pitching: RHP Juan Martínez
|
|
Batting: LHB Gerardo Guzmán
|
0-0: Called Strike 0-1: Ball 1-1: Ball 2-1: Ball 3-1: Base on Balls
|
Batting: LHB Ángel Tuzzi
|
0-0: Ball 1-0: Ball 2-0: Ground out 4-3 (Groundball, 4M) Gerardo Guzmán to second
|
Batting: LHB John Clark
|
0-0: Ball 1-0: Ball 2-0: Called Strike 2-1: Ball 3-1: Base on Balls
|
Batting: RHB Steve Meyers
|
0-0: Ball 1-0: Ball 2-0: Foul Ball, location: 2F 2-1: Swinging Strike 2-2: Ball 3-2: Base on Balls Gerardo Guzmán to third John Clark to second
|
Batting: RHB Wilson Flores
|
0-0: Called Strike 0-1: Swinging Strike 0-2: Strikes out looking
|
Batting: RHB Randy Simons
|
0-0: Called Strike 0-1: Swinging Strike 0-2: Ball 1-2: Strikes out looking
|
Bottom of the 1st over - 0 run(s), 0 hit(s), 0 error(s), 3 left on base; Plumstead 0 - Cincinnati 0 |
TOP OF THE 2ND |
Plumstead Eagles batting - Pitching for Cincinnati Pride : RHP Denver Gallegos
|
Batting: RHB J.J. Leslie
|
0-0: Fly out, F9 (Popup, 9S)
|
Batting: LHB Víctor Peña
|
0-0: Called Strike 0-1: Hit by Pitch
|
Batting: RHB Howard Johnson
|
0-0: Ball 1-0: Ball 2-0: Ball 3-0: Fly out, F4 (Popup, 4MS)
|
Batting: RHB José Moreno
|
0-0: Ball 1-0: SINGLE (Line Drive, 56D) Víctor Peña to second
|
Batting: RHB Pablo Villarreal
|
0-0: Called Strike 0-1: Ball 1-1: Ball 2-1: Foul Ball, location: 2F 2-2: Ball 3-2: SINGLE (Groundball, 34D) Víctor Peña to third José Moreno to second Víctor Peña scores José Moreno to third
|
Batting: LHB Jeff West
|
0-0: Ball 1-0: Foul Ball, location: 2F 1-1: Called Strike 1-2: Ball 2-2: Foul Ball, location: 2F 2-2: Ball 3-2: Foul Ball, location: 2F 3-2: Base on Balls Pablo Villarreal to second
|
Batting: RHB Carlos Palomón
|
0-0: Called Strike 0-1: Called Strike 0-2: Ball 1-2: Ball 2-2: Strikes out swinging
|
Top of the 2nd over - 1 run(s), 2 hit(s), 0 error(s), 3 left on base; Plumstead 1 - Cincinnati 0 |
BOTTOM OF THE 2ND |
Cincinnati Pride batting - Pitching for Plumstead Eagles : RHP Juan Martínez
|
Batting: LHB Marvin Morris
|
0-0: Ball 1-0: Called Strike 1-1: Ball 2-1: Foul Ball, location: 2F 2-2: Foul Ball, location: 2F 2-2: Foul Ball, location: 2F 2-2: Foul Ball, location: 2F 2-2: Strikes out swinging
|
Batting: RHB Micheal Banks
|
0-0: Foul Ball, location: 2F 0-1: Ball 1-1: Foul Ball, location: 2F 1-2: Strikes out swinging
|
Batting: RHB Bartolo Montero
|
0-0: Called Strike 0-1: Ball 1-1: Ball 2-1: Foul Ball, location: 2F 2-2: Strikes out swinging
|
Bottom of the 2nd over - 0 run(s), 0 hit(s), 0 error(s), 0 left on base; Plumstead 1 - Cincinnati 0 |
TOP OF THE 3RD |
Plumstead Eagles batting - Pitching for Cincinnati Pride : RHP Denver Gallegos
|
Batting: RHB Kolomon Meise
|
0-0: Foul Ball, location: 2F 0-1: Ball 1-1: Ball 2-1: Foul Ball, location: 2F 2-2: Foul Ball, location: 2F 2-2: Ball 3-2: Base on Balls
|
Batting: LHB António Salazar
|
0-0: Fielders Choice at 2nd, 3-6 (Groundball, 3)
|
Batting: RHB J.J. Leslie
|
0-0: Ball 1-0: Ball 2-0: Called Strike 2-1: Grounds into double play, 4-6-3 (Groundball, 4)
|
Top of the 3rd over - 0 run(s), 0 hit(s), 0 error(s), 0 left on base; Plumstead 1 - Cincinnati 0 |
BOTTOM OF THE 3RD |
Cincinnati Pride batting - Pitching for Plumstead Eagles : RHP Juan Martínez
|
Batting: LHB Gerardo Guzmán
|
0-0: Ball 1-0: Swinging Strike 1-1: Ball 2-1: Foul Ball, location: 2F 2-2: Strikes out looking
|
Batting: LHB Ángel Tuzzi
|
0-0: Ball 1-0: Ball 2-0: Foul Ball, location: 2F 2-1: SINGLE (Groundball, 4MD)
|
Batting: LHB John Clark
|
0-0: Ball 1-0: Foul Ball, location: 2F 1-1: Ball 2-1: Called Strike 2-2: Foul Ball, location: 2F 2-2: Strikes out swinging
|
Batting: RHB Steve Meyers
|
0-0: Ball 1-0: Ball Ángel Tuzzi is caught stealing 2nd base
|
Bottom of the 3rd over - 0 run(s), 1 hit(s), 0 error(s), 0 left on base; Plumstead 1 - Cincinnati 0 |
TOP OF THE 4TH |
Plumstead Eagles batting - Pitching for Cincinnati Pride : RHP Denver Gallegos
|
Batting: LHB Víctor Peña
|
0-0: Ball 1-0: Foul Ball, location: 2F 1-1: Foul Ball, location: 2F 1-2: Foul Ball, location: 2F 1-2: Ball 2-2: Strikes out looking
|
Batting: RHB Howard Johnson
|
0-0: Foul Ball, location: 2F 0-1: Called Strike 0-2: Foul Ball, location: 2F 0-2: Ball 1-2: Strikes out looking
|
Batting: RHB José Moreno
|
0-0: Called Strike 0-1: Foul Ball, location: 2F 0-2: Strikes out swinging
|
Top of the 4th over - 0 run(s), 0 hit(s), 0 error(s), 0 left on base; Plumstead 1 - Cincinnati 0 |
BOTTOM OF THE 4TH |
Cincinnati Pride batting - Pitching for Plumstead Eagles : RHP Juan Martínez
|
Batting: RHB Steve Meyers
|
0-0: Ball 1-0: Swinging Strike 1-1: Ball 2-1: Ball 3-1: Called Strike 3-2: Base on Balls
|
Batting: RHB Wilson Flores
|
0-0: Called Strike 0-1: Called Strike Steve Meyers steals 2nd base 0-2: Ball 1-2: Fly out, F6 (Line Drive, 56)
|
Batting: LHB Wes Stone
|
0-0: Ball 1-0: Ball 2-0: Ball 3-0: Base on Balls
|
Batting: LHB Marvin Morris
|
0-0: Called Strike 0-1: Called Strike 0-2: Ball 1-2: Ball 2-2: Strikes out swinging
|
Batting: RHB Micheal Banks
|
0-0: Ground out 5-3 (Groundball, 5)
|
Bottom of the 4th over - 0 run(s), 0 hit(s), 0 error(s), 2 left on base; Plumstead 1 - Cincinnati 0 |
TOP OF THE 5TH |
Plumstead Eagles batting - Pitching for Cincinnati Pride : RHP Denver Gallegos
|
Batting: RHB Pablo Villarreal
|
0-0: Bunt for hit - play at first, batter OUT! 1-3
|
Batting: LHB Jeff West
|
0-0: Called Strike 0-1: Swinging Strike 0-2: Strikes out swinging
|
Batting: RHB Carlos Palomón
|
0-0: Called Strike 0-1: SINGLE (Line Drive, 56D)
|
Batting: RHB Kolomon Meise
|
0-0: Foul Ball, location: 2F 0-1: Ball 1-1: SINGLE (Groundball, 34S) Carlos Palomón to second Runner from 2nd tries for 3rd, OUT!
|
Top of the 5th over - 0 run(s), 2 hit(s), 0 error(s), 1 left on base; Plumstead 1 - Cincinnati 0 |
BOTTOM OF THE 5TH |
Cincinnati Pride batting - Pitching for Plumstead Eagles : RHP Juan Martínez
|
Batting: RHB Bartolo Montero
|
0-0: Foul Ball, location: 2F 0-1: Ball 1-1: Ground out 4-3 (Groundball, 4M)
|
Batting: LHB Gerardo Guzmán
|
0-0: Ball 1-0: Called Strike 1-1: Ground out 4-3 (Groundball, 4)
|
Batting: LHB Ángel Tuzzi
|
0-0: Ball 1-0: Foul Ball, location: 2F 1-1: Foul Ball, location: 2F 1-2: Ball 2-2: Foul Ball, location: 2F 2-2: Strikes out looking
|
Bottom of the 5th over - 0 run(s), 0 hit(s), 0 error(s), 0 left on base; Plumstead 1 - Cincinnati 0 |
TOP OF THE 6TH |
Plumstead Eagles batting - Pitching for Cincinnati Pride : RHP Denver Gallegos
|
Batting: LHB António Salazar
|
0-0: Called Strike 0-1: Foul Ball, location: 2F 0-2: Ball 1-2: Fly out, F9 (Flyball, 9M)
|
Pitching: RHP Roberto Cordero
|
|
Batting: RHB J.J. Leslie
|
0-0: Ball 1-0: Foul Ball, location: 2F 1-1: Ball 2-1: Ball 3-1: Base on Balls
|
Batting: LHB Víctor Peña
|
0-0: Ball 1-0: Foul Ball, location: 2F 1-1: Ball 2-1: Ball 3-1: Base on Balls J.J. Leslie to second
|
Batting: RHB Howard Johnson
|
0-0: Ball 1-0: Ball 2-0: Ball 3-0: Called Strike 3-1: Called Strike 3-2: Strikes out looking
|
Batting: RHB José Moreno
|
0-0: Swinging Strike 0-1: Swinging Strike 0-2: Ground out 3-1 (Groundball, 34)
|
Top of the 6th over - 0 run(s), 0 hit(s), 0 error(s), 2 left on base; Plumstead 1 - Cincinnati 0 |
BOTTOM OF THE 6TH |
Cincinnati Pride batting - Pitching for Plumstead Eagles : RHP Juan Martínez
|
Pitching: LHP Holden Clark
|
|
Batting: LHB John Clark
|
0-0: Called Strike 0-1: Ball 1-1: Swinging Strike 1-2: Fly out, F5 (Popup, 5F)
|
Batting: RHB Steve Meyers
|
0-0: Called Strike 0-1: Called Strike 0-2: Fly out, F9 (Flyball, 9S)
|
Batting: RHB Wilson Flores
|
0-0: Ball 1-0: Ball 2-0: Called Strike 2-1: Swinging Strike 2-2: Strikes out swinging, 2-3 out at first.
|
Bottom of the 6th over - 0 run(s), 0 hit(s), 0 error(s), 0 left on base; Plumstead 1 - Cincinnati 0 |
TOP OF THE 7TH |
Plumstead Eagles batting - Pitching for Cincinnati Pride : RHP Roberto Cordero
|
Batting: RHB Pablo Villarreal
|
0-0: Ball 1-0: Foul Ball, location: 2F 1-1: Swinging Strike 1-2: Foul Ball, location: 2F 1-2: Ball 2-2: Ground out 5-3 (Groundball, 5)
|
Batting: LHB Jeff West
|
0-0: Ball 1-0: Called Strike 1-1: Swinging Strike 1-2: Ball 2-2: Ball 3-2: Foul Ball, location: 2F 3-2: Base on Balls
|
Batting: RHB Carlos Palomón
|
0-0: Ball Jeff West is caught stealing 2nd base 1-0: Called Strike 1-1: Called Strike 1-2: Foul Ball, location: 2F 1-2: Foul Ball, location: 2F 1-2: Ground out 5-3 (Groundball, 5)
|
Top of the 7th over - 0 run(s), 0 hit(s), 0 error(s), 0 left on base; Plumstead 1 - Cincinnati 0 |
BOTTOM OF THE 7TH |
Cincinnati Pride batting - Pitching for Plumstead Eagles : LHP Holden Clark
|
Batting: LHB Wes Stone
|
0-0: Called Strike 0-1: Ball 1-1: Foul Ball, location: 2F 1-2: Ball 2-2: Strikes out looking
|
Batting: LHB Marvin Morris
|
0-0: Ball 1-0: Ball 2-0: Ball 3-0: Called Strike 3-1: SINGLE (Line Drive, 34D)
|
Pinch Runner at 1st Burkhard Bittinger:
|
|
Pinch Hitting: RHB Álex Hernández
|
0-0: Ball 1-0: Ball 2-0: Ball 3-0: Called Strike 3-1: Called Strike 3-2: Foul Ball, location: 2F 3-2: Ground out 5-3 (Groundball, 56S) Burkhard Bittinger to second
|
Batting: RHB Bartolo Montero
|
0-0: Called Strike 0-1: Ball 1-1: Foul Ball, location: 2F 1-2: Ball 2-2: Foul Ball, location: 2F 2-2: Ground out 5-3 (Groundball, 56)
|
Bottom of the 7th over - 0 run(s), 1 hit(s), 0 error(s), 1 left on base; Plumstead 1 - Cincinnati 0 |
TOP OF THE 8TH |
Plumstead Eagles batting - Pitching for Cincinnati Pride : RHP Roberto Cordero
|
Now at 2B: Burkhard Bittinger
|
|
Batting: RHB Kolomon Meise
|
0-0: Foul Ball, location: 2F
|
Now at 3B: Álex Hernández
|
0-1: Ball 1-1: Ball 2-1: Swinging Strike 2-2: Ball 3-2: Base on Balls
|
Batting: LHB António Salazar
|
0-0: Called Strike 0-1: Swinging Strike 0-2: Ball 1-2: 2-RUN HOME RUN (Flyball, 89XD), Distance : 424 ft
|
Batting: RHB J.J. Leslie
|
0-0: Foul Ball, location: 2F 0-1: Ball 1-1: Ball 2-1: Foul Ball, location: 2F 2-2: Ball 3-2: Base on Balls
|
Batting: LHB Víctor Peña
|
0-0: SINGLE (Line Drive, 3D) J.J. Leslie to second
|
Batting: RHB Howard Johnson
|
0-0: Called Strike 0-1: Ball 1-1: Foul Ball, location: 2F 1-2: Ball 2-2: Foul Ball, location: 2F 2-2: Ball 3-2: SINGLE (Line Drive, 6MD) J.J. Leslie to third Víctor Peña to second
|
Batting: RHB José Moreno
|
0-0: Called Strike 0-1: Foul Ball, location: 2F 0-2: Strikes out looking
|
Pitching: RHP Darrell Stanley
|
|
Pinch Hitting: RHB Ethan Moore
|
0-0: Called Strike 0-1: Ball 1-1: Ball 2-1: Foul Ball, location: 2F 2-2: Strikes out swinging
|
Batting: LHB Jeff West
|
0-0: Swinging Strike 0-1: Called Strike 0-2: Ball 1-2: Strikes out swinging
|
Top of the 8th over - 2 run(s), 3 hit(s), 0 error(s), 3 left on base; Plumstead 3 - Cincinnati 0 |
BOTTOM OF THE 8TH |
Cincinnati Pride batting - Pitching for Plumstead Eagles : LHP Holden Clark
|
Now at 3B: Ethan Moore
|
|
Batting: LHB Gerardo Guzmán
|
0-0: Called Strike 0-1: Ball 1-1: Ball 2-1: SINGLE (Line Drive, 6D)
|
Batting: LHB Ángel Tuzzi
|
0-0: Called Strike Pickoff Throw by Catcher to First - Error! E2 Gerardo Guzmán to second 0-1: Ball 1-1: Ball 2-1: Ball 3-1: Base on Balls
|
Batting: LHB John Clark
|
0-0: Fly out, F7 (Flyball, 7D)
|
Pitching: RHP Manny Ramos
|
|
Batting: RHB Steve Meyers
|
0-0: Called Strike 0-1: Foul Ball, location: 2F 0-2: Ball 1-2: Strikes out swinging
|
Batting: RHB Wilson Flores
|
0-0: Swinging Strike 0-1: Foul Ball, location: 2F 0-2: Ball 1-2: Hit by Pitch Gerardo Guzmán to third Ángel Tuzzi to second
|
Batting: LHB Wes Stone
|
0-0: Ball 1-0: Ball 2-0: Ball 3-0: Called Strike 3-1: Base on Balls Gerardo Guzmán scores Ángel Tuzzi to third Wilson Flores to second
|
Pinch Hitting: SHB Larry Peterson
|
0-0: Ball 1-0: Fly out, F8 (Flyball, 8LM)
|
Bottom of the 8th over - 1 run(s), 1 hit(s), 1 error(s), 3 left on base; Plumstead 3 - Cincinnati 1 |
TOP OF THE 9TH |
Plumstead Eagles batting - Pitching for Cincinnati Pride : RHP Darrell Stanley
|
Pitching: RHP Fernando Silva
|
|
Now at 2B: Juan Martínez
|
|
Batting: RHB Carlos Palomón
|
0-0: Ball 1-0: Called Strike 1-1: Ball 2-1: Swinging Strike 2-2: Strikes out swinging
|
Batting: RHB Kolomon Meise
|
0-0: Ball 1-0: Called Strike 1-1: Fly out, F8 (Flyball, 8LXD)
|
Batting: LHB António Salazar
|
0-0: Called Strike 0-1: Called Strike 0-2: Foul Ball, location: 2F 0-2: Ball 1-2: Foul Ball, location: 2F 1-2: Foul Ball, location: 2F 1-2: Ball 2-2: Ball 3-2: SINGLE (Line Drive, 7LM)
|
Batting: RHB J.J. Leslie
|
0-0: Ball 1-0: Foul Ball, location: 2F 1-1: Ball 2-1: Foul Ball, location: 2F 2-2: Ball 3-2: Base on Balls António Salazar to second
|
Batting: LHB Víctor Peña
|
0-0: Ball 1-0: Ball 2-0: Foul Ball, location: 2F 2-1: Foul Ball, location: 2F 2-2: Strikes out looking
|
Top of the 9th over - 0 run(s), 1 hit(s), 0 error(s), 2 left on base; Plumstead 3 - Cincinnati 1 |
BOTTOM OF THE 9TH |
Cincinnati Pride batting - Pitching for Plumstead Eagles : RHP Manny Ramos
|
Pitching: LHP Pat Bruce
|
|
Now at C: Diego Ledezma
|
|
Now in CF: Jeff Townsley
|
|
Batting: RHB Álex Hernández
|
0-0: Ball 1-0: Called Strike 1-1: Foul Ball, location: 2F 1-2: Strikes out swinging
|
Batting: RHB Bartolo Montero
|
0-0: Called Strike 0-1: DOUBLE (Line Drive, 89M)
|
Batting: LHB Gerardo Guzmán
|
0-0: Foul Ball, location: 2F 0-1: Called Strike 0-2: Ball 1-2: Ball 2-2: Ball 3-2: Strikes out swinging passed ball, reaches first! Bartolo Montero to third
|
Pinch Hitting: RHB Pablo Gómez
|
0-0: Ball 1-0: Swinging Strike 1-1: Ball 2-1: Ball 3-1: Foul Ball, location: 2F 3-2: Ground out 5-3 (Groundball, 56S) Bartolo Montero scores Gerardo Guzmán to second
|
Pinch Hitting: LHB Iván Vázquez
|
0-0: Ball 1-0: Foul Ball, location: 2F 1-1: SINGLE (Groundball, 13) (infield hit) Gerardo Guzmán to third
|
Pinch Hitting: RHB José Antonio Delgado
|
0-0: Hit by Pitch Iván Vázquez to second
|
Batting: RHB Wilson Flores
|
0-0: Called Strike 0-1: Ball 1-1: Called Strike 1-2: Ball 2-2: Strikes out swinging
|
Bottom of the 9th over - 1 run(s), 2 hit(s), 0 error(s), 3 left on base; Plumstead 3 - Cincinnati 2 |
|